 Dungeon Crawl Stone Soup version 0.26.0-11-g8f856b5395 (webtiles) character file.

Game seed: 17297645372615804427

942 oldmanjim the Sneak (level 8, -3/46 HPs)
             Began as a Kobold Transmuter on Jan 14, 2021.
             Was a Follower of Dithmenos.
             Killed from afar by an electric eel (9 damage)
             ... with a bolt of electricity
             ... on level 5 of the Dungeon.
             The game lasted 00:48:48 (7880 turns).

oldmanjim the Sneak (Kobold Transmuter)             Turns: 7880, Time: 00:48:49

Health: -3/46      AC:  6    Str:  8    XL:     8   Next: 34%
Magic:  12/12      EV: 19    Int: 15    God:    Dithmenos [*.....]
Gold:   263        SH:  0    Dex: 16    Spells: 8/13 levels left

rFire    . . .     SeeInvis .   a - +3 dagger (speed)
rCold    . . .     Faith    .   (shield restricted)
rNeg     + . .     Spirit   .   n - +2 robe {rN+}
rPois    .         Reflect  .   i - +0 helmet
rElec    .         Harm     .   m - scarf {shadows}
rCorr    .         Rampage  .   (no gloves)
Will     .....                  l - +0 pair of boots
Stlth    +++++.....             (no amulet)
HPRegen  0.15/turn              k - ring of wizardry
MPRegen  0.13/turn              (no ring)

@: wreathed by umbra
A: small, nightstalker 3
a: Renounce Religion


You were on level 5 of the Dungeon.
You worshipped Dithmenos.
Dithmenos was aware of your devotion.
You visited 1 branch of the dungeon, and saw 5 of its levels.

You collected 263 gold pieces.

Inventory:

Hand Weapons
 a - a +3 dagger of speed (weapon)
Missiles
 b - 104 stones
 d - 7 curare-tipped darts (quivered)
Armour
 c - +0 fire dragon scales
 i - a +0 helmet (worn)
 j - a +0 kite shield
 l - a +0 pair of boots (worn)
 m - a scarf of shadows (worn)
 n - a +2 robe of positive energy (worn)
Jewellery
 k - a ring of wizardry (left hand)
Scrolls
 e - 2 scrolls of teleportation
 g - a scroll of identify
Potions
 f - 2 potions of heal wounds
 h - 4 potions of magic
 q - a potion of cancellation
 r - a potion of ambrosia


   Skills:
 - Level 3.0 Fighting
 - Level 5.0 Short Blades
 - Level 6.0 Dodging
 + Level 6.9 Stealth
 - Level 3.0 Unarmed Combat
 - Level 3.0 Spellcasting
 + Level 3.4 Transmutations


You had 8 spell levels left.
You knew the following spells:

 Your Spells              Type           Power        Failure   Level
a - Beastly Appendage     Tmut           12%          1%          1
b - Ice Form              Ice/Tmut       3%           36%         4

Your spell library contained the following spells:

 Spells                   Type           Power        Failure   Level
 Wereblood                Tmut           6%           3%          2
 Spider Form              Tmut/Pois      1%           12%         3
 Blade Hands              Tmut           3%           45%         5


Dungeon Overview and Level Annotations

Branches:
Dungeon (5/15)
 Temple: D:4-7

Altars:
Dithmenos
Fedhas
Nemelex Xobeh
Okawaru
Ru
Yredelemnul
Zin

Annotations:
D:5 4 runed translucent doors, exclusion: 4 doors


Innate Abilities, Weirdness & Mutations

You are small and have problems with some larger weapons.
You are completely attuned to the shadows.


Message History

There is an open door here.
You see here 21 gold pieces.
You enter the shallow water.
Moving in this stuff is going to be slow.
You miss the electric eel.
The electric eel shoots out a bolt of lightning at you!
The bolt of electricity hits you.
The electric eel shoots out a bolt of lightning at you!
The bolt of electricity hits you!
You see here 21 gold pieces.
The electric eel shoots out a bolt of lightning at you!
The bolt of electricity hits you!
The electric eel shoots out a bolt of lightning at you!
The bolt of electricity misses you.
The electric eel shoots out a bolt of lightning at you!
The bolt of electricity hits you!
* * * LOW HITPOINT WARNING * * *
The electric eel shoots out a bolt of lightning at you!
The bolt of electricity hits you!
You die...

#.....# #.###.# ####.###.#######
#########..............# ####
........#...#######....#######...
...........##≈≈≈..###............
..#####...##≈####..≈######.#.#.#.
..# #####†##..'##≈≈...##.#...#.
..# #.#...@.#####..#.##.... ..#
#.#.....##..'###.##.### ..#
#.#PP.≈.#.....#..##.# #
..#########≈#.PP;$#.....#.###.# #
..........#≈#≈$.;.#≈≈..≈#.# #.# #
..#...###.#≈#≈;(≈≈#!.≈..#.# #.#
###...# #.#≈##≈≈≈##(≈;.[#.# #.# #
#...# #)##.######≈;$≈≈#.# #.# #
#...###..##)..≈≈##≈≈≈##.# #.#


You could see an electric eel.

Vanquished Creatures
  A phantom (D:4)
  2 centaurs (D:5)
  An ogre (D:4)
  A big kobold (D:5)
  A bullfrog (D:4)
  A scorpion (D:4)
  An electric eel (D:5)
  3 bullfrog skeletons
  2 orc wizards (D:3)
  A worker ant (D:4)
  A killer bee zombie (D:5)
  A howler monkey zombie (D:5)
  A gnoll (D:2)
  6 adders
  An ooze (D:3)
  A dart slug (D:3)
  2 leopard geckos
  16 orcs
  A ball python (D:5)
  4 bats
  7 giant cockroaches
  7 goblins
  11 hobgoblins
  9 jackals
  8 frilled lizards
  17 kobolds
  11 rats
118 creatures vanquished.

Vanquished Creatures (others)
  3 plants (D:5)
3 creatures vanquished.

Grand Total: 121 creatures vanquished

Notes
Turn   | Place    | Note
-------+----------+-------------------------------------------
     0 | D:1      | oldmanjim the Kobold Transmuter began the quest for the
                  | Orb.
     0 | D:1      | Reached XP level 1. HP: 12/12 MP: 3/3
   328 | D:1      | Reached skill level 1 in Stealth
   465 | D:1      | Reached XP level 2. HP: 16/16 MP: 5/5
   912 | D:1      | Reached XP level 3. HP: 21/21 MP: 6/6
   934 | D:1      | Reached skill level 1 in Short Blades
  2413 | D:3      | Found a basalt altar of Yredelemnul.
  2477 | D:3      | Reached XP level 4. HP: 22/26 MP: 7/7
  2632 | D:3      | Found a sparkling altar of Nemelex Xobeh.
  2950 | D:3      | Reached XP level 5. HP: 28/31 MP: 8/8
  3192 | D:3      | Found a sacrificial altar of Ru.
  3200 | D:3      | Found a glowing silver altar of Zin.
  3792 | D:3      | Reached XP level 6. HP: 37/37 MP: 9/9
  4103 | D:2      | Found an iron altar of Okawaru.
  4914 | D:4      | Noticed a phantom
  4984 | D:4      | Killed a phantom
  4985 | D:4      | Reached skill level 5 in Dodging
  4985 | D:4      | Reached skill level 5 in Stealth
  4985 | D:4      | Reached XP level 7. HP: 29/41 MP: 10/10
  5328 | D:4      | Found a shadowy altar of Dithmenos.
  5332 | D:4      | Became a worshipper of Dithmenos the Shadowed
  5345 | D:4      | Reached skill level 5 in Short Blades
  5947 | D:4      | Learned a level 4 spell: Ice Form
  5948 | D:5      | Entered Level 5 of the Dungeon
  6192 | D:5      | Reached XP level 8. HP: 46/46 MP: 10/12
  6326 | D:5      | Found a runed translucent gate.
  6327 | D:5      | Found a runed translucent gate.
  6328 | D:5      | Found a runed translucent gate.
  6339 | D:5      | Found a blossoming altar of Fedhas.
  6385 | D:5      | Found a runed translucent door.
  6670 | D:5      | Reached * piety under Dithmenos
  7880 | D:5      | Killed from afar by an electric eel

Illustrated notes

Levels and vault maps discovered:
D:1:      lemuel_arrival_behind_the_door_small, layout_basic,
          grunt_decor_mini_mirrors, minmay_close_crescents
D:2:      layout_loops_cross, okawaru_altar_gauntlet_db
D:3:      layout_basic, yredelemnul_altar_generic,
          lemuel_coloured_pillars_altar, grunt_temple_overflow_open,
          kennysheep_boxes
D:4:      layout_basic, old_standard_altar
D:5:      cheibrodos_two_vegetables, layout_basic, fedhas_altar_2,
          gammafunk_ghost_necromancy, kennysheep_generic_room_13,
          uniq_crazy_yiuf_cottage

Skill      XL: |  1  2  3  4  5  6  7  8 |
---------------+-------------------------+-----
Stealth        | 1 2 3 5 6 |  6.9
Dodging        | 3 4 5 6 |  6.0
Short Blades   | 1 2 3 4 5 |  5.0
Fighting       | 2 3 |  3.0
Spellcasting   | 3 |  3.0
Transmutations | 3 |  3.4
Unarmed Combat | |  3.0

Action                   |  1- 3 |  4- 6 |  7- 9 || total
-------------------------+-------+-------+-------++-------
Melee: Unarmed           |    21 |       |       ||    21
       Headbutt          |     1 |       |       ||     1
       Dagger            |   111 |   314 |   163 ||   588
       Punch             |     1 |     7 |     2 ||    10
 Cast: Beastly Appendage |     1 |       |       ||     1
  Use: Scroll            |       |     3 |     8 ||    11
 Stab: Sleeping          |    10 |     9 |    11 ||    30
       Distracted        |       |     1 |     1 ||     2
Armor: Robe              |    18 |    38 |     5 ||    61
Dodge: Dodged            |    59 |   131 |    64 ||   254
